 Dungeon Crawl Stone Soup version 0.18-a0-1497-g788d838 (webtiles) character file.

1146 uiiiytp the Spear-Bearer (level 8, -2/68 HPs)
             Began as a Deep Dwarf Fighter on Mar 4, 2016.
             Slain by a gnoll
             ... wielding a +0 spear
              (4 damage)
             ... on level 5 of the Dungeon.
             The game lasted 00:25:25 (3656 turns).

uiiiytp the Spear-Bearer (Deep Dwarf Fighter)       Turns: 3656, Time: 00:25:25

Health: -2/68      AC:  9    Str: 21    XL:     8   Next: 15%
Magic:  8/8        EV:  7    Int: 10    God:
Gold:   178        SH: 10    Dex: 12    Spells: 0 memorised, 7 levels left

rFire  . . .     SeeInvis .     a - +1 trident
rCold  . . .     Gourm    .     b - +1 scale mail
rNeg   . . .     Faith    .     c - +0 shield
rPois  .         Spirit   .     (no helmet)
rElec  .         Dismiss  .     t - +0 cloak
rCorr  .         Reflect  .     (no gloves)
SustAt .         Harm     .     (no boots)
MR     +....                    (no amulet)
Stlth  ..........               (no ring)
                                (no ring)

@: non-regenerating, somewhat resistant to hostile enchantments, extremely
unstealthy
A: damage resistance, recharge devices, sense surroundings 1, slow regeneration
3
a: Device Recharging


You were on level 5 of the Dungeon.
You were not hungry.

You visited 1 branch of the dungeon, and saw 5 of its levels.

You collected 178 gold pieces.

Inventory:

Hand Weapons
 a - a +1 trident (weapon)
 d - a +0 dagger
 l - a +2 hunting sling of flaming
 o - a +0 hunting sling
 s - a +2 quarterstaff of chaos
 u - a +3 mace of holy wrath
Armour
 b - a +1 scale mail (worn)
 c - a +0 shield (worn)
 k - a +0 hat
 t - a +0 cloak (worn)
 x - a cursed +0 helmet
 y - a +0 plate armour
Jewellery
 g - an uncursed ring of teleportation
 j - an uncursed ring of ice
Wands
 e - a wand of heal wounds (0/9)
 p - a wand of flame (12/48)
 q - a wand of slowing (28/48)
 v - a wand of lightning (1/15)
Scrolls
 m - 2 scrolls of teleportation
 n - 3 scrolls of identify
Potions
 h - a potion of cancellation
Comestibles
 f - 4 bread rations
 i - a meat ration
 r - a slice of pizza
 w - 3 fruits


   Skills:
 - Level 2.8 Fighting
 + Level 8.2 Polearms
 - Level 3.7 Armour
 - Level 5.2 Shields


You had 7 spell levels left.
You didn't know any spells.

Dungeon Overview and Level Annotations

Branches:
Dungeon (5/15)             Temple (0/1) D:4

Altars:
Dithmenos
Fedhas
Makhleb
Ru
Sif Muna


Innate Abilities, Weirdness & Mutations

You are resistant to damage.
You can recharge devices by infusing magical energy.
You passively map a small area around you.
You do not regenerate naturally.


Message History

The gnoll shaman is almost dead.
The gnoll shaman calls upon its god to speed up the gnoll.
The gnoll seems to speed up.
The gnoll hits you from afar with a spear!
* * * LOW HITPOINT WARNING * * *
You closely miss the gnoll shaman.
The gnoll shaman is almost dead.
The gnoll shaman hits you with a club.
The gnoll hits you from afar with a spear.
* * * LOW HITPOINT WARNING * * *
You hit the gnoll shaman.
You kill the gnoll shaman!
The gnoll hits you but does no damage.
You completely miss the gnoll. The gnoll closely misses you.
The gnoll hits you with a whip. You block the gnoll's attack.
You barely miss the gnoll. The gnoll hits you but does no damage.
You hit the gnoll but do no damage. The gnoll hits you with a whip.
You block the gnoll's attack. The gnoll barely misses you.
The gnoll hits you from afar with a spear.
You die...

, ,, #.#
#.#....... *
#.#######.#.......
#.........#.......
##################
*###
#......(....<.. ,


gg* #.##########.## * *#. #.# #... #g####.# #### #.g@...# #.###### ##* You could
see 2 gnolls.

Vanquished Creatures
  Grinder (D:3)
  A phantom (D:4)
  2 ogres (D:4)
  A centaur (D:5)
  A giant frog (D:3)
  A howler monkey (D:4)
  A wasp zombie (D:5)
  A crimson imp (D:5)
  A centaur zombie (D:5)
  A gnoll shaman (D:5)
  3 hounds
  2 orc wizards (D:5)
  A giant frog skeleton (D:4)
  Crazy Yiuf (D:3)
  2 worker ants (D:5)
  A hound zombie (D:5)
  Robin (D:3)
  5 adders
  2 worms
  3 giant geckos
  5 orcs
  8 bats
  5 giant cockroaches
  14 goblins
  15 hobgoblins
  A ball python (D:5)
  10 giant newts
  A jackal skeleton (D:5)
  5 kobolds
  4 rats (D:1)
100 creatures vanquished.

Notes
Turn   | Place    | Note
--------------------------------------------------------------
     0 | D:1      | uiiiytp the Deep Dwarf Fighter began the quest for the Orb.
     0 | D:1      | Reached XP level 1. HP: 20/20 MP: 1/1
   233 | D:1      | Reached XP level 2. HP: 25/27 MP: 2/2
  1069 | D:1      | Reached XP level 3. HP: 28/33 MP: 3/3
  1583 | D:3      | Noticed Robin
  1639 | D:3      | Killed Robin
  1639 | D:3      | Reached skill level 5 in Shields
  1639 | D:3      | Reached XP level 4. HP: 24/40 MP: 4/4
  1657 | D:3      | Found a sacrificial altar of Ru.
  1748 | D:3      | Reached skill level 2 in Polearms
  1778 | D:3      | Noticed a giant frog
  1797 | D:3      | Killed a giant frog
  1797 | D:3      | Reached skill level 3 in Polearms
  1797 | D:3      | Reached XP level 5. HP: 34/48 MP: 5/5
  2065 | D:3      | Noticed Crazy Yiuf
  2083 | D:3      | Killed Crazy Yiuf
  2225 | D:3      | Noticed Grinder
  2240 | D:3      | Paralysed by Grinder for 6 turns
  2247 | D:3      | Killed Grinder
  2247 | D:3      | Reached skill level 5 in Polearms
  2247 | D:3      | Reached XP level 6. HP: 25/55 MP: 6/6
  2776 | D:4      | Reached XP level 7. HP: 15/61 MP: 7/7
  2805 | D:4      | Reached skill level 6 in Polearms
  2881 | D:4      | Found a staircase to the Ecumenical Temple.
  3192 | D:5      | Entered Level 5 of the Dungeon
  3218 | D:5      | Reached skill level 7 in Polearms
  3243 | D:5      | Found a blossoming altar of Fedhas.
  3379 | D:5      | Reached XP level 8. HP: 18/68 MP: 8/8
  3445 | D:5      | Found a burning altar of Makhleb.
  3461 | D:5      | Found a shadowy altar of Dithmenos.
  3464 | D:5      | Found a blossoming altar of Fedhas.
  3467 | D:5      | Found a deep blue altar of Sif Muna.
  3495 | D:5      | Reached skill level 8 in Polearms
  3652 | D:5      | HP: 2/68 [gnoll/spear (3)]
  3656 | D:5      | Slain by a gnoll

Vault maps used:
D:1:      evilmike_arrival_hilbert_curve, kennysheep_minor_cross, hex_medium,
          minmay_tree_intersection, roderic_nine_men_s_morris,
          minmay_lizard_king
D:3:      minmay_door_path, lemuel_crystal_altar, uniq_crazy_yiuf_cottage,
          uniq_grinder, uniq_robin
D:4:      minmay_temple_entry_statues_pillars, first_bread
D:5:      lemuel_coloured_pillars_altar, tso_metal_star,
          grunt_temple_overflow_cloverleaf, fedhas_altar_3

Skill      XL: |  1  2  3  4  5  6  7  8 |
---------------+-------------------------+-----
Shields        | 4 5 |  5.2
Polearms       | 3 5 7 8 |  8.2
Fighting       | |  2.8
Armour         | |  3.7

Action                   |  1- 3 |  4- 6 |  7- 9 || total
-------------------------+-------+-------+-------++-------
Melee: Trident           |   153 |   170 |   146 ||   469
Evoke: Wand              |       |     4 |     2 ||     6
  Use: Scroll            |     6 |     3 |     1 ||    10
       Potion            |     1 |     5 |       ||     6
  Eat: Meat ration       |     1 |     1 |       ||     2
